 Dungeon Crawl Stone Soup version 0.16-a0-465-g631e55c (webtiles) character file.

1037 PolkaDot the Carver (level 8, -2/57 HPs)
             Began as a Vampire Chaos Knight on Sept 16, 2014.
             Was a Plaything of Xom.
             Killed from afar by an orc wizard (5 damage)
             ... with a magic dart
             ... on Level 6 of the Dungeon.
             The game lasted 00:13:57 (4645 turns).

PolkaDot the Carver (Vampire Chaos Knight)          Turns: 4645, Time: 00:13:57

HP  -2/57        AC  4     Str 11      XL: 8   Next:  4%
MP   8/8         EV 10     Int 19      God: Xom
Gold 296         SH  3     Dex 15      Spells:  0 memorised,  7 levels left

rFire  . . .     SeeInvis +     a - +0 falchion (chaos)
rCold  + . .     Clarity  .     v - +1 leather armour {rC+}
rNeg   . . .     rCorr    .     e - +0 buckler
rPois  .         rRot     .     (no helmet)
rElec  .         Spirit   .     (no cloak)
SustAb .         Warding  .     (no gloves)
rMut   .         Stasis   .     (no boots)
Gourm  .                        (no amulet)
MR     .....                    (no ring)
                                (no ring)

@: brilliant, regenerating quickly, not resistant to hostile enchantments, very
unstealthy
A: bottle blood, fangs 3, see invisible, unbreathing
a: Bottle Blood, Renounce Religion


You were on level 6 of the Dungeon.
You worshipped Xom.
You were a favourite toy of Xom.
You were very full.

You visited 1 branch of the dungeon, and saw 6 of its levels.

You collected 296 gold pieces.

Inventory:

Hand weapons
 a - a +0 falchion of chaos (weapon)
Armour
 e - a +0 buckler (worn)
 v - a +1 leather armour of cold resistance (worn)
Magical devices
 g - a wand of digging (13) {unknown}
 q - a wand of draining (1)
 s - a wand of confusion (6)
 u - a wand of frost (10)
 w - a wand of polymorph (13) {unknown}
 y - a wand of polymorph (17) {unknown}
 C - a wand of digging (4) {unknown}
Scrolls
 f - a scroll of amnesia {unknown}
 h - a scroll of remove curse
 n - a scroll of fog {unknown}
 p - a scroll of random uselessness {unknown}
 x - a scroll of fear {unknown}
Potions
 c - 2 potions of restore abilities
 i - a potion of cure mutation {!q}
 j - a potion of brilliance
 k - a potion of might {unknown}
 l - a potion of invisibility {unknown}
 m - a potion of poison {unknown}
 o - 4 potions of agility {unknown}
 r - a potion of lignification {unknown}
 t - a potion of mutation {unknown}
 z - a potion of flight {unknown}
 A - 2 potions of magic {unknown}


   Skills:
 - Level 2.6 Fighting
 + Level 9.8 Long Blades
 - Level 0.7 Armour
 - Level 2.1 Dodging


You had 7 spell levels left.
You didn't know any spells.

Dungeon Overview and Level Annotations

Branches:
Dungeon (6/15)             Temple (0/1) D:5

Altars:
Fedhas
Gozag
Qazlal
Trog
The Shining One

Shops:
D:4 *


Innate Abilities, Weirdness & Mutations

Your natural rate of healing is unusually fast.
You can bottle blood from corpses.
You have razor-sharp teeth.
You have supernaturally acute eyesight.
You can survive without breathing.


Message History

* * * LOW HITPOINT WARNING * * *
Drink which item? (? for menu, Esc to quit)
You feel clever all of a sudden.
It was a potion of brilliance.
Xom roars with laughter!
The orc wizard casts a spell at you. The puff of frost hits you! You resist.
* * * LOW HITPOINT WARNING * * *
The orc barely misses you.
The orc wizard hits you but does no damage.
Drink which item? (? for menu, Esc to quit)
Okay, then.
Read which item? (? for menu, Esc to quit)
As you read the scroll labeled HEMENOTAUTZ, it crumbles to dust.
You feel as if something is helping you.
It was a scroll of remove curse.
The orc wizard is no longer moving quickly.
The orc wizard points at you and mumbles some strange words.
The magic dart hits you!
You die...

#.# . #.# #.. #.###
#.. ....
#...##+####.#
#...#.......# #
#.....).....# .
#.#####.......###...
#..@ooo.......'.....
#######.......######
#........'...#
#........###.#
#.######## #.## #.
#####... #. #......#
#. #<...... .
#......#


You could see an orc wizard and 2 orcs.

Vanquished Creatures
  Menkaure (D:5)
  A phantom (D:4)
  A centaur (D:5)
  2 crimson imps
  A hound (D:4)
  A jelly (D:5)
  2 orc priests
  3 orc wizards
  Natasha (thrice) (D:4)
  A worker ant (D:4)
  A killer bee zombie (D:5)
  A hound zombie (D:5)
  5 adders
  5 gnolls
  A green rat (D:4)
  A shadow imp (D:5)
  4 worms
  A giant gecko (D:5)
  An ooze (D:1)
  13 orcs
  3 ball pythons
  7 bats
  5 giant cockroaches
  10 goblins
  8 hobgoblins
  2 jackals (D:1)
  4 giant newts (D:2)
  11 kobolds
  An orc skeleton (D:5)
  8 rats
108 creatures vanquished.

Vanquished Creatures (collateral kills)
  Eustachio (D:4)
  A centaur (D:5)
  An orc wizard (D:4)
  A shadow imp (D:4)
4 creatures vanquished.

Vanquished Creatures (others)
  A quasit (D:4)
  A hobgoblin zombie (D:3)
2 creatures vanquished.

Grand Total: 114 creatures vanquished

Notes
Turn   | Place    | Note
--------------------------------------------------------------
     0 | D:1      | PolkaDot, the Vampire Chaos Knight, began the quest for the Orb.
     0 | D:1      | Reached XP level 1. HP: 17/17 MP: 1/1
   154 | D:1      | XOM: silly message
   196 | D:1      | Reached XP level 2. HP: 23/23 MP: 2/2
   259 | D:1      | XOM: harmless Erth miscast
   426 | D:1      | XOM: divination: detect items
   444 | D:1      | XOM: harmless Tloc miscast
   509 | D:1      | Reached skill level 4 in Long Blades
   509 | D:1      | Reached XP level 3. HP: 28/28 MP: 3/3
   631 | D:1      | XOM: harmless Necr miscast
   949 | D:2      | XOM: silly message
  1261 | D:2      | XOM: harmless Divn miscast
  1575 | D:2      | XOM: harmless Tloc miscast
  1852 | D:2      | Reached XP level 4. HP: 27/34 MP: 4/4
  1873 | D:3      | XOM: stealth player
  1910 | D:3      | Reached skill level 5 in Long Blades
  2073 | D:3      | XOM: silly message
  2405 | D:3      | Reached XP level 5. HP: 39/39 MP: 5/5
  2441 | D:3      | XOM: divination: detect creatures
  2647 | D:3      | XOM: harmless Pois miscast
  2741 | D:4      | XOM: potion effect (agility)
  2746 | D:4      | XOM: harmless Tloc miscast
  2750 | D:4      | Reached skill level 6 in Long Blades
  2867 | D:4      | Found Ynwaug Psil's Elemental Accessories.
  3095 | D:4      | Noticed Natasha
  3099 | D:4      | Killed Natasha
  3141 | D:4      | Noticed Natasha
  3146 | D:4      | Killed Natasha
  3158 | D:4      | Found a blossoming altar of Fedhas.
  3178 | D:4      | Reached XP level 6. HP: 36/46 MP: 6/6
  3204 | D:4      | Noticed a phantom
  3209 | D:4      | XOM: potion effect (curing)
  3213 | D:4      | XOM: harmless Tloc miscast
  3218 | D:4      | Reached skill level 7 in Long Blades
  3218 | D:4      | XOM: summons friendly quasit
  3250 | D:4      | Killed a phantom
  3287 | D:4      | XOM: divination: detect items
  3381 | D:4      | Noticed Eustachio
  3400 | D:4      | Killed Eustachio
  3400 | D:4      | Reached skill level 8 in Long Blades
  3400 | D:4      | Reached XP level 7. HP: 37/51 MP: 7/7
  3514 | D:4      | Noticed Natasha
  3521 | D:4      | Killed Natasha
  3608 | D:5      | Entered Level 5 of the Dungeon
  3778 | D:5      | XOM: silly message
  3792 | D:5      | XOM: harmless Summ miscast
  4057 | D:5      | XOM: cast spell 'Summon Horrible Things'
  4110 | D:5      | Found an opulent altar of Gozag.
  4110 | D:5      | XOM: 7-stop teleportation journey
  4163 | D:5      | Found a staircase to the Ecumenical Temple.
  4188 | D:5      | XOM: vitrification
  4237 | D:5      | Reached skill level 9 in Long Blades
  4375 | D:5      | Found a bloodstained altar of Trog.
  4378 | D:5      | Found a glowing golden altar of the Shining One.
  4395 | D:5      | Found a stormy altar of Qazlal.
  4423 | D:5      | Noticed Menkaure
  4436 | D:5      | Killed Menkaure
  4567 | D:6      | Reached XP level 8. HP: 52/57 MP: 8/8
  4627 | D:6      | XOM: swap monsters
  4645 | D:6      | Killed from afar by an orc wizard

Action                   |  1- 3 |  4- 6 |  7- 9 || total
-------------------------+-------+-------+-------++-------
Melee: Falchion          |   100 |   176 |   134 ||   410
 Abil: Bottle Blood      |       |       |     1 ||     1
Evoke: Wand              |       |     4 |       ||     4
  Use: Potion            |     1 |       |     7 ||     8
       Scroll            |       |     1 |     3 ||     4
 Stab: Paralysed         |     2 |     2 |     2 ||     6
       Sleeping          |     1 |     1 |       ||     2
       Confused          |       |     3 |       ||     3
  Eat: Corpse            |    14 |    16 |     7 ||    37
